 Dungeon Crawl Stone Soup version 0.27.0-1-g7a089689b8 (webtiles) character file.

Game seed: 772959238720538521

4438 Malachi the Covert (level 10, -4/67 HPs)
             Began as a Demonspawn Ice Elementalist on Aug 15, 2021.
             Was an Initiate of Dithmenos.
             Slain by a death knight (14 damage)
             ... on level 7 of the Dungeon.
             The game lasted 00:25:29 (9150 turns).

Malachi the Covert (Demonspawn Ice Elementalist)    Turns: 9150, Time: 00:25:30

Health: -4/67      AC: 25    Str: 14    XL:     10   Next: 14%
Magic:  19/29      EV: 13    Int: 23    God:    Dithmenos [......]
Gold:   575        SH:  5    Dex: 14    Spells: 16/23 levels left

rFire    . . .     SeeInvis .   f - +3 dagger
rCold    . . .     Faith    .   (no shield)
rNeg     . . .     Spirit   .   a - +1 robe
rPois    .         Reflect  +   e - +0 helmet
rElec    .         Harm     .   E - +2 cloak {Stlth+}
rCorr    +         Rampage  .   y - +0 pair of gloves
Will     .....                  (no boots)
Stlth    +++++.....             A - amulet of reflection
HPRegen  0.21/turn              w - ring "Urasosku" {Drain rCorr Str+6 Int+3 Slay+2}
MPRegen  0.21/turn              C - ring of magical power

@: ice-armoured, sanguine armoured, freezing walls
A: claws 2, powered by death 2, sanguine armour 2, demonic magic 2
a: Renounce Religion


You were on level 7 of the Dungeon.
You worshipped Dithmenos.
Dithmenos was noncommittal.
You visited 2 branches of the dungeon, and saw 8 of its levels.
You also visited: Sewer.

You collected 1228 gold pieces.
You spent 653 gold pieces at shops.

Inventory:

Hand Weapons
 f - a +3 dagger (weapon)
Armour
 a - a +1 robe (worn)
 e - a +0 helmet (worn)
 y - a +0 pair of gloves (worn)
 E - a +2 cloak of stealth (worn)
Jewellery
 b - a ring of fire
 w - the ring "Urasosku" (left hand) {Drain rCorr Str+6 Int+3 Slay+2}
   (You found it on level 4 of the Dungeon)

   [ring of strength]

   Str:       It affects your strength (+6).
   Int:       It affects your intelligence (+3).
   Slay:      It affects your accuracy & damage with ranged weapons and melee
   (+2).
   rCorr:     It protects you from acid and corrosion.
   Drain:     It drains your maximum health when unequipped.
 A - an amulet of reflection (around neck)
 B - an amulet of guardian spirit
 C - a ring of magical power (right hand)
Wands
 c - a wand of iceblast (3)
 i - a wand of polymorph (3)
 j - a wand of paralysis (9)
 v - a wand of mindburst (8)
Scrolls
 d - a scroll of teleportation
 g - 3 scrolls of enchant weapon
 p - a scroll of enchant armour
 r - 2 scrolls of magic mapping
 u - a scroll of amnesia
Potions
 h - a potion of mutation
 k - a potion of might
 l - a potion of cancellation
 m - 2 potions of brilliance
 n - 3 potions of haste {unknown}
 o - a potion of magic {unknown}
 q - a potion of resistance {unknown}
 t - 2 potions of heal wounds {unknown}
 x - 2 potions of curing
 z - a potion of attraction {unknown}
 D - 2 potions of lignification {unknown}


   Skills:
 + Level 2.1 Fighting
 * Level 3.8 Short Blades
 + Level 4.2 Dodging
 * Level 8.9 Stealth
 - Level 0.7 Shields
 - Level 7.1 Spellcasting
 - Level 7.0 Ice Magic
 + Level 0.4 Evocations


You had 16 spell levels left.
You knew the following spells:

 Your Spells              Type           Power      Damage    Failure   Level
a - Freeze                Ice            100%       1d11      1%          1
b - Frozen Ramparts       Ice            80%        1d10      1%          3
c - Ozocubu's Armour      Ice            40%        N/A       1%          3

Your spell library contained the following spells:

 Spells                   Type           Power      Damage    Failure   Level
 Hailstorm                Conj/Ice       24%        3d7       19%         4


Dungeon Overview and Level Annotations

Branches:
Dungeon (7/15)             Temple (1/1) D:6           Sewer (visited)

Altars:
Ashenzari
Cheibriados
Dithmenos
Elyvilon
Fedhas
Gozag
Hepliaklqana
Kikubaaqudgha
Makhleb
Nemelex Xobeh
Okawaru
Qazlal
Ru
Sif Muna
Trog
Uskayaw
Vehumet
Wu Jian
Xom
Yredelemnul
Zin

Shops:
D:4 *   D:6 *


Innate Abilities, Weirdness & Mutations

You have very sharp fingernails.
You regenerate health from kills.
When seriously injured, your bleeding wounds create thick armour. (AC +9)
Spells you cast may paralyse nearby enemies.


Message History

The death knight hits you with a +3 battleaxe!
Casting: Freeze (safe; 1% risk of failure)
Confirm with . or Enter, or press ? or * to list all spells.
Aiming: Freeze (safe; 1% risk of failure)
Press: ? - help, Shift-Dir - straight line, f/p - death knight
Aim: a death knight, wielding a +3 battleaxe, wearing a +4 ring mail of fire resistance and wearing the brooch of Shielding {Spirit SH+8} (moderately wounded)
You freeze the death knight.
The death knight is moderately wounded.
Malevolent energies surge around you.
The wall freezes the death knight.
The death knight hits you with a +3 battleaxe!
Your blood congeals into armour.
Casting: Freeze (safe; 1% risk of failure)
Confirm with . or Enter, or press ? or * to list all spells.
Aiming: Freeze (safe; 1% risk of failure)
Press: ? - help, Shift-Dir - straight line, f/p - death knight
Aim: a death knight, wielding a +3 battleaxe, wearing a +4 ring mail of fire resistance and wearing the brooch of Shielding {Spirit SH+8} (heavily wounded)
You freeze the death knight.
The death knight is heavily wounded.
Malevolent energies surge around you.
The wall freezes the death knight.
The death knight hits you with a +3 battleaxe.
Casting: Freeze (safe; 1% risk of failure)
Confirm with . or Enter, or press ? or * to list all spells.
Aiming: Freeze (safe; 1% risk of failure)
Press: ? - help, Shift-Dir - straight line, f/p - death knight
Aim: a death knight, wielding a +3 battleaxe, wearing a +4 ring mail of fire resistance and wearing the brooch of Shielding {Spirit SH+8} (heavily wounded)
You freeze the death knight.
The death knight is heavily wounded.
Malevolent energies surge around you.
The wall freezes the death knight!
The death knight hits you with a +3 battleaxe!
* * * LOW HITPOINT WARNING * * *
As you read the scroll of summoning, it crumbles to dust.
Wisps of shadow whirl around you...
The wall freezes the death knight!
The death knight hits you with a +3 battleaxe!
* * * LOW HITPOINT WARNING * * *
The death knight hits your hound with a +3 battleaxe!
You feel better.
Your hound bites the death knight but does no damage.
The wall freezes the death knight.
The death knight hits you with a +3 battleaxe!
You die...

.... .... # .....
#.#########+#.....
#.............(...
...............>..
#.### ##.h.......#
#....o#.p###'###..#
....?S.@##.....##
.....W.##.p.....#
########.........#
##...#...........#
##..#.#...._._....#
#..#..'.....#.....'.
#.#..##...._._....#.
..
#...###...........#
. #.# #
###'####.........#


You could see a death knight (ally target), a friendly phantom (summoned), a
friendly water moccasin (summoned), a friendly hound (summoned) and a friendly
orc (summoned).

Vanquished Creatures
  A hydra (D:7)
  A two-headed ogre (D:7)
  A gargoyle (D:7)
  A troll (D:7)
  A wyvern (D:7)
  4 yaks
  A sky beast (D:6)
  A black bear (D:6)
  An orc warrior (D:7)
  2 centaurs
  A kobold brigand (D:7)
  3 bullfrogs
  2 scorpions
  A water moccasin skeleton (D:4)
  6 wights
  2 bullfrog skeletons (D:5)
  A centaur zombie (D:5)
  2 jellies
  3 orc priests (D:7)
  A gnoll shaman (D:6)
  3 hounds
  An orc wizard (D:7)
  2 iguanas
  A hound skeleton (D:4)
  8 adders
  9 gnolls (D:6)
  8 river rats
  A shadow imp (D:6)
  2 white imps (D:6)
  An ufetubus (D:4)
  2 adder skeletons
  A worm (D:5)
  2 dart slugs
  7 orcs
  20 ball pythons
  8 bats
  5 endoplasms
  2 giant cockroaches
  7 goblins
  6 hobgoblins
  3 jackals (D:2)
  10 kobolds
  2 quokkas
  3 frilled lizards
  31 rats
181 creatures vanquished.

Notes
Turn   | Place    | Note
-------+----------+-------------------------------------------
     0 | D:1      | Malachi the Demonspawn Ice Elementalist began the quest for
                  | the Orb.
     0 | D:1      | Reached XP level 1. HP: 13/13 MP: 3/3
   354 | D:1      | Gained mutation: Spells you cast may paralyse adjacent
                  | enemies. [demonic ancestry]
   354 | D:1      | Reached XP level 2. HP: 17/19 MP: 3/5
   657 | D:1      | Found a faded altar of an unknown god.
  1337 | D:1      | Identified a scroll of acquirement
  1337 | D:1      | Acquired 1038 gold pieces
  1808 | D:2      | Reached skill level 2 in Stealth
  1808 | D:2      | Gained mutation: When seriously injured, your bleeding
                  | wounds create armour. (AC +9) [demonic ancestry]
  1808 | D:2      | Reached XP level 3. HP: 21/24 MP: 4/6
  2107 | D:2      | Learned a level 3 spell: Frozen Ramparts
  2669 | D:3      | Gained mutation: When seriously injured, your bleeding
                  | wounds create thick armour. (AC +9) [demonic ancestry]
  2669 | D:3      | Reached XP level 4. HP: 30/30 MP: 5/7
  3261 | D:3      | Learned a level 3 spell: Ozocubu's Armour
  3557 | D:4      | Found a glowing drain.
  3572 | Sewer    | Entered a sewer
  3860 | Sewer    | Gained mutation: You regenerate a little health from kills.
                  | [demonic ancestry]
  3860 | Sewer    | Reached XP level 5. HP: 18/35 MP: 6/9
  4077 | Sewer    | Reached skill level 5 in Ice Magic
  4619 | Sewer    | Reached XP level 6. HP: 13/41 MP: 5/10
  4751 | Sewer    | Reached skill level 3 in Stealth
  4918 | D:4      | Found Bozxi's Gadget Gallery.
  4927 | D:4      | Bought a wand of iceblast (3) for 70 gold pieces
  4927 | D:4      | Bought a wand of mindburst (14) for 180 gold pieces
  5165 | D:4      | Identified the ring "Urasosku" {Drain rCorr Str+6 Int+3
                  | Slay+2}
  5447 | D:4      | Gained mutation: Spells you cast may paralyse nearby
                  | enemies. [demonic ancestry]
  5447 | D:4      | Reached XP level 7. HP: 47/47 MP: 12/12
  5713 | D:5      | Entered Level 5 of the Dungeon
  5713 | D:5      | Noticed a yak
  5713 | D:5      | Noticed a yak
  5713 | D:5      | Noticed a yak
  5713 | D:5      | Noticed a yak
  5724 | D:4      | Killed a yak
  5725 | D:4      | Reached skill level 1 in Short Blades
  5830 | D:5      | Reached skill level 1 in Fighting
  5830 | D:5      | Reached skill level 4 in Stealth
  6316 | D:5      | Killed a yak
  6319 | D:5      | Killed a yak
  6319 | D:5      | Killed a yak
  6320 | D:5      | Gained mutation: You have sharp fingernails. [demonic
                  | ancestry]
  6320 | D:5      | Reached XP level 8. HP: 43/54 MP: 5/14
  6669 | D:6      | Reached skill level 5 in Stealth
  7112 | D:6      | Found Okutz's Assorted Antiques.
  7117 | D:6      | Bought an embroidered cloak for 210 gold pieces
  7135 | D:6      | Bought a yellow potion for 25 gold pieces
  7135 | D:6      | Bought a long copper wand for 112 gold pieces
  7195 | D:6      | Reached skill level 5 in Spellcasting
  7719 | D:6      | Found a staircase to the Ecumenical Temple.
  7816 | D:6      | Reached skill level 6 in Stealth
  7816 | D:6      | Gained mutation: You regenerate health from kills. [demonic
                  | ancestry]
  7816 | D:6      | Reached XP level 9. HP: 41/61 MP: 17/17
  8174 | D:6      | Bought a scroll of identify for 56 gold pieces
  8250 | D:7      | Noticed a two-headed ogre
  8260 | D:7      | Noticed a gargoyle
  8261 | D:7      | Noticed a six-headed hydra
  8384 | Temple   | Entered the Ecumenical Temple
  8638 | Temple   | Became a worshipper of Dithmenos the Shadowed
  8718 | D:7      | Killed a two-headed ogre
  8719 | D:7      | Reached skill level 7 in Stealth
  8856 | D:7      | Noticed a troll
  8873 | D:7      | Killed a troll
  8946 | D:7      | Reached skill level 8 in Stealth
  8987 | D:7      | Killed a gargoyle
  8999 | D:7      | Noticed an eight-headed hydra
  9013 | D:7      | Killed an eight-headed hydra
  9014 | D:7      | Gained mutation: You have very sharp fingernails. [demonic
                  | ancestry]
  9014 | D:7      | Reached XP level 10. HP: 32/67 MP: 17/20
  9117 | D:7      | Noticed a death knight
  9126 | D:7      | Found a bloodstained altar of Trog.
  9127 | D:7      | Found a shimmering altar of Xom.
  9149 | D:7      | HP: 1/67 [death knight (14)]
  9150 | D:7      | Slain by a death knight

Illustrated notes

Levels and vault maps discovered:
D:1:      sevenhm_arrival_forest_fort_small_1, layout_basic,
          shapermc_ecumenical_altar_ellora
D:2:      layout_loops_ring
D:3:      layout_basic
D:4:      layout_basic, portal_sewer_entry_c, nicolae_shop_gadgets
D:5:      layout_cave_pods, minmay_misc_feat_square
D:6:      layout_basic, minmay_temple_entry_glassed_door, serial_shops,
          kennysheep_little_box, st_stairs_6
D:7:      minmay_the_grid_octo_tiled_squarecenter [minmay_the_grid_octo_shrine,
          minmay_the_grid_octo_pinwheel, minmay_the_grid_octo_toaster,
          minmay_the_grid_octo_odd_swirl,
          minmay_the_grid_square_5x5_megaprize_diamond,
          minmay_the_grid_square_5x5_longway,
          minmay_the_grid_square_5x5_beaten_path,
          minmay_the_grid_square_5x5_hollow_slash,
          minmay_the_grid_square_5x5_half_checkered], layout_basic, uniq_harold
Temple:   nicolae_temple_the_god_donut

Skill      XL: |  1  2  3  4  5  6  7  8  9 |
---------------+----------------------------+-----
Ice Magic      | 4 5 6 7 |  7.0
Dodging        | 2 3 4 |  4.2
Stealth        | 2 3 4 6 8 |  8.9
Spellcasting   | 3 4 5 7 |  7.1
Short Blades   | 2 3 |  3.8
Fighting       | 1 2 |  2.1
Shields        | |  0.7
Evocations     | |  0.4

Action                   |  1- 3 |  4- 6 |  7- 9 | 10-12 || total
-------------------------+-------+-------+-------+-------++-------
Melee: Mace              |    10 |       |       |       ||    10
       Unarmed           |     3 |       |       |       ||     3
       Dagger            |    43 |    77 |    74 |       ||   194
 Cast: Freeze            |    50 |    78 |    47 |     5 ||   180
       Frozen Ramparts   |       |     3 |    23 |     1 ||    27
       Ozocubu's Armour  |       |       |    11 |     1 ||    12
Evoke: Wand              |       |       |     5 |     3 ||     8
  Use: Scroll            |     6 |     5 |     2 |     1 ||    14
       Potion            |       |     1 |       |     1 ||     2
 Stab: Paralysed         |    13 |    16 |    22 |       ||    51
       Sleeping          |     2 |     8 |     6 |       ||    16
Armor: Robe              |    26 |    40 |    38 |       ||   104
Dodge: Dodged            |    70 |    88 |    55 |     2 ||   215
Block: Other             |       |       |    19 |       ||    19
